 Dungeon Crawl Stone Soup version 0.27-a0-1202-ge72e49191c (webtiles) character file.

Game seed: 11049265083067791553

140 tilp the Caller (level 5, -1/39 HPs)
             Began as a Barachi Summoner on June 4, 2021.
             Slain by Natasha (5 damage)
             ... on level 3 of the Dungeon.
             The game lasted 00:05:08 (3814 turns).

tilp the Caller (Barachi Summoner)                  Turns: 3814, Time: 00:05:09

Health: -1/39      AC:  5    Str: 16    XL:     5   Next: 23%
Magic:  1/9        EV: 11    Int: 16    God:
Gold:   127        SH:  0    Dex: 12    Spells: 4/10 levels left

rFire    . . .     SeeInvis .   a - +0 mace
rCold    . . .     Faith    .   (no shield)
rNeg     . . .     Spirit   .   f - +0 ring mail
rPois    .         Reflect  .   (no helmet)
rElec    .         Harm     .   (no cloak)
rCorr    .         Rampage  .   (no gloves)
Will     .....                  (no boots)
Stlth    +.........             (no amulet)
HPRegen  0.13/turn              d - +6 ring of strength
MPRegen  0.11/turn              (no ring)

@: slow
A: amphibious, slowness 1, strong legs 1, +LOS
a: Hop


You were on level 3 of the Dungeon.
You visited 1 branch of the dungeon, and saw 3 of its levels.

You collected 127 gold pieces.

Inventory:

Hand Weapons
 a - a +0 mace (weapon)
Missiles
 c - 15 poisoned darts (quivered)
Armour
 f - a +0 ring mail (worn)
Jewellery
 b - an amulet of reflection
 d - a +6 ring of strength (left hand)
Wands
 h - a wand of flame (17)
Potions
 e - a potion of heal wounds {unknown}


   Skills:
 + Level 2.7 Fighting
 + Level 2.7 Dodging
 + Level 2.3 Stealth
 - Level 3.0 Spellcasting
 - Level 6.0 Summonings


You had 4 spell levels left.
You knew the following spells:

 Your Spells              Type           Power      Damage    Failure   Level
a - Summon Small Mammal   Summ           84%        N/A       3%          1
b - Call Imp              Summ           21%        N/A       4%          2
c - Call Canine Familiar  Summ           21%        N/A       9%          3

Your spell library contained the following spells:

 Spells                   Type           Power      Damage    Failure   Level
 Summon Guardian Golem    Hex/Summ       12%        N/A       30%         3
 Confusing Touch          Hex            2%         N/A       71%         3
 Gell's Gravitas          Tloc           1%         N/A       71%         3
 Summon Ice Beast         Ice/Summ       12%        N/A       71%         4
 Summon Lightning Spire   Summ/Air       12%        N/A       71%         4
 Petrify                  Tmut/Erth      2%         N/A       98%         4
 Metabolic Englaciation   Hex/Ice        1%         N/A       100%        5
 Yara's Violent Unravell  Hex/Tmut       1%         3d3       100%        5


Dungeon Overview and Level Annotations

Branches:
Dungeon (3/15)

Altars:
Xom

Annotations:
D:3 Natasha, Sigmund


Innate Abilities, Weirdness & Mutations

You are amphibious.
You cover ground slowly.
You can hop short distances.
You have an extended range of vision and can be seen from far away.


Message History

Your shadow imp barely misses the white imp.
You hit Natasha.
Natasha is heavily wounded.
Natasha claws you but does no damage.
Your crimson imp closely misses the white imp.
The white imp hits you but does no damage.
Your shadow imp hits the white imp.
Natasha claws you but does no damage.
Unknown command.
You completely miss Natasha.
Natasha is heavily wounded.
Your shadow imp barely misses the white imp.
The white imp hits you but does no damage.
Your crimson imp hits the white imp.
Natasha claws you!
* * * LOW HITPOINT WARNING * * *
Unknown command.
Unknown command.
Unknown command.
You hit Natasha.
Natasha is almost dead.
Your shadow imp hits the white imp but does no damage.
The white imp gestures at you. The puff of frost misses you.
Natasha stares at you and mumbles some strange words.
You resist with some effort.
Your crimson imp hits the white imp but does no damage.
Your shadow imp barely misses the white imp.
The white imp misses you.
Unknown command.
You hit Natasha but do no damage.
Natasha is almost dead.
Natasha casts a spell at you. You resist with some effort.
Your shadow imp blows smoke rings.
Your shadow imp hits the white imp.
The white imp gestures at you. The puff of frost hits you.
* * * LOW HITPOINT WARNING * * *
Your crimson imp hits the white imp but does no damage.
Natasha claws you.
You die...

## .### .. ...
#.## ..# ...#
######## ..#
#..# #......#
.. #..#
#.####.# . #
#..# #.# #.# #
.# #.h# #.# #.#
#..#.# #5@# #.#
#.# .....# #55#
#.# #.# ...###
#r5# #.# #.#
##.# #..# #.#
#.# # #
#.######..###.#
#.#
#......<......#
#.#
########..#####
#.# ###..# #.#
#....########.#


You could see Natasha (ally target), a white imp (summoned), a friendly crimson
imp (summoned, slow), a friendly white imp (summoned), a friendly shadow imp
(summoned) and a friendly quokka (summoned).

Vanquished Creatures
  A centaur skeleton (D:3)
  3 adders (D:2)
  4 gnolls (D:2)
  2 dart slugs (D:1)
  An endoplasm (D:3)
  3 giant cockroaches
  3 hobgoblins
  A jackal (D:3)
  3 ball pythons
  3 bats (D:3)
  A frilled lizard (D:2)
  5 goblins
  A kobold (D:3)
31 creatures vanquished.

Vanquished Creatures (collateral kills)
  Jessica (D:2)
  6 ball pythons
  A bat (D:1)
  3 endoplasms
  2 hobgoblins (D:1)
  A jackal (D:3)
  4 quokkas
  3 goblins
  2 kobolds
  A rat (D:1)
24 creatures vanquished.

Grand Total: 55 creatures vanquished

Notes
Turn   | Place    | Note
-------+----------+-------------------------------------------
     0 | D:1      | tilp the Barachi Summoner began the quest for the Orb.
     0 | D:1      | Reached XP level 1. HP: 13/13 MP: 3/3
   150 | D:1      | Reached skill level 1 in Fighting
   420 | D:1      | Reached XP level 2. HP: 1/22 MP: 1/5
  1140 | D:1      | Found a faded altar of an unknown god.
  1326 | D:1      | Learned a level 2 spell: Call Imp
  1545 | D:1      | Reached skill level 5 in Summonings
  1809 | D:2      | Found a shimmering altar of Xom.
  1829 | D:2      | Reached XP level 3. HP: 25/27 MP: 0/6
  1833 | D:2      | Learned a level 3 spell: Call Canine Familiar
  2365 | D:2      | Reached XP level 4. HP: 21/33 MP: 1/8
  2686 | D:2      | Noticed Jessica
  2689 | D:2      | Killed Jessica
  2690 | D:2      | Reached skill level 6 in Summonings
  3333 | D:3      | Noticed Sigmund
  3384 | D:3      | Reached XP level 5. HP: 35/39 MP: 9/9
  3801 | D:3      | Noticed Natasha
  3814 | D:3      | Slain by Natasha

Illustrated notes

Levels and vault maps discovered:
D:1:      dpeg_arrival_tiny_a, layout_loops_corners,
          ebering_ecumenical_altar_sacrificial, fountainhead,
          minmay_misc_feat_five
D:2:      layout_rooms, basic_altar, hangedman_abyss_or_decor_stabs,
          palyth_stone_intersect, uniq_jessica
D:3:      layout_loops_ring, uniq_crazy_yiuf_cottage, uniq_natasha, uniq_sigmund

Skill      XL: |  1  2  3  4 |
---------------+-------------+-----
Fighting       | 2 |  2.7
Summonings     | 5 6 |  6.0
Spellcasting   | 3 |  3.0
Stealth        | 2 |  2.3
Dodging        | |  2.7

Action                   |  1- 3 |  4- 6 || total
-------------------------+-------+-------++-------
Melee: Mace              |    70 |    74 ||   144
 Cast: Summon Small Mamm |    64 |     9 ||    73
       Call Imp          |     7 |    13 ||    20
 Abil: Hop               |     1 |       ||     1
  Use: Scroll            |     1 |     2 ||     3
 Stab: Distracted        |     1 |       ||     1
       Sleeping          |       |     1 ||     1
Armor: Ring mail         |    29 |    53 ||    82
       Robe              |     2 |       ||     2
Dodge: Dodged            |    47 |    78 ||   125

Table legend: (Time is in decaauts)
 A = Elapsed time spent in this place.
 B = Non-inter-level travel time spent in this place.
 C = Inter-level travel time spent in this place.
 D = Time resting spent in this place.
 E = Time spent auto-exploring this place.
 F = Levels seen in this place.
 G = Mean time per level.
                   A        B        C        D        E       F      G
               +--------+--------+--------+--------+--------+-----+--------+
         Total |   4174 |   4086 |     88 |    872 |   2660 |   3 | 1391.3 |
       Dungeon |   4174 |   4086 |     88 |    872 |   2660 |   3 | 1391.3 |
               +--------+--------+--------+--------+--------+-----+--------+

Top non-repeatable levels by time:
     D:1: 1963 daAuts
     D:2: 1578 daAuts
     D:3: 631 daAuts
